 Dungeon Crawl Stone Soup version 0.29.1-12-g30fa7ad0bf (webtiles) character file.

Game seed: 14445531739627738464

43 Eitelfritz the Slasher (level 3, -2/30 HPs)
             Began as a Minotaur Gladiator on Dec 16, 2022.
             Splashed by a jelly's acid (10 damage)
             ... on level 1 of the Dungeon.
             The game lasted 00:02:29 (1555 turns).

Eitelfritz the Slasher (Minotaur Gladiator)         Turns: 1555, Time: 00:02:30

Health: -2/30      AC:  3    Str: 18    XL:     3   Next: 37%
Magic:  2/2        EV: 12    Int:  7    God:
Gold:   41         SH:  0    Dex: 11    Spells: 2/2 levels left

rFire   . . .      SeeInvis .   a - +0 long sword
rCold   + . .      Faith    .   (no shield)
rNeg    . . .      Spirit   .   b - +0 leather armour
rPois   .          Reflect  .   c - +0 hat
rElec   .          Harm     .   (no cloak)
rCorr   .          Rampage  .   (no gloves)
Will    .....                   (no boots)
Stlth   +.........              (no amulet)
HPRegen 0.10/turn               i - ring of protection from cold
MPRegen 0.08/turn               (no ring)

@: no status effects
A: horns 2, retaliatory headbutt
a: no special abilities


You were on level 1 of the Dungeon.
You visited 1 branch of the dungeon, and saw 2 of its levels.

You collected 41 gold pieces.

Inventory:

Hand Weapons
 a - a +0 long sword (weapon)
Missiles
 d - 3 throwing nets (quivered)
 e - a javelin
 g - 3 boomerangs
 p - 3 poisoned darts
Armour
 b - a +0 leather armour (worn)
 c - a +0 hat (worn)
Jewellery
 i - a ring of protection from cold (left hand)
Scrolls
 f - a scroll of identify {unknown}
 l - a scroll of teleportation {unknown}
 n - a scroll of noise {unknown}
 o - a scroll of fear {unknown}
Potions
 h - a potion of resistance {unknown}
 j - a potion of lignification {unknown}
 k - a potion of haste {unknown}
 m - 2 potions of curing {unknown}


   Skills:
 + Level 2.8 Fighting
 + Level 4.2 Long Blades
 + Level 2.2 Throwing
 + Level 1.3 Armour
 + Level 3.8 Dodging


You had 2 spell levels left.
You didn't know any spells.
Your spell library contained the following spells:

 Spells                   Type           Power      Damage    Failure   Level
 Sandblast                Erth           0%         2d4       50%         1
 Passwall                 Tmut/Erth      0%         N/A       63%         2
 Conjure Flame            Conj/Fire      0%         6-21      86%         3
 Ignite Poison            Fire/Tmut/Pois 0%         N/A       86%         3
 Stone Arrow              Conj/Erth      0%         3d7       86%         3
 Sticky Flame             Conj/Fire      0%         2d3       99%         4


Dungeon Overview and Level Annotations

Branches:
Dungeon (2/15)

Altars:


Innate Abilities, Weirdness & Mutations

You have a pair of horns on your head.
You reflexively headbutt those who attack you in melee.


Message History

You are poisoned.
The adder poisons you!
Unknown command.
You miss the adder.
The adder is heavily wounded.
You feel sick. The adder barely misses you. The adder bites you.
You hit the adder.
The adder is severely wounded.
You feel sick. The adder barely misses you. You furiously retaliate!
You headbutt the adder. You hit the adder but do no damage.
The adder is almost dead.
You feel sick. The adder bites you. The adder misses you.
You barely miss the adder.
The adder is almost dead.
You feel sick. The adder barely misses you.
You hit the adder.
You kill the adder!
You feel sick.
You are no longer poisoned.
The worm closely misses you.
There is a stone staircase leading up here.
You climb upwards.
There is a stone staircase leading down here.
You start resting.
HP restored.
You climb downwards.
The jelly barely misses you. The worm bites you.
There is a stone staircase leading up here.
The jelly hits you.
You are splashed with acid!
The worm closely misses you.
You climb upwards.
There is a stone staircase leading down here.
The jelly hits you.
You are splashed with acid!
* * * LOW HITPOINT WARNING * * *
The jelly attacks as you move away! The jelly hits you but does no damage.
The jelly jiggles.
The jelly attacks as you move away! The jelly hits you but does no damage.
The jelly attacks as you move away! The jelly hits you.
* * * LOW HITPOINT WARNING * * *
You are splashed with acid!
You die...

#.....# #.###.# #.# #.#########
#.###.........####
#>................
#w..#.....###.#### ########
#.....###.###.#### #......#
#J#............... #......#
#@###.###.###.#... #......# #.#
#.# #.# #.#.##
#......###+###.#######.....
####.........................#
#......................P.P...#
#.....................P#~#P..#
####...........^.........##~##...
#............###.###+###.~~~~~.#.
#...##.......# #.# #.# #.##~##.#.


You could see a worm and a jelly.

Vanquished Creatures
  An adder (D:2)
  A dart slug (D:1)
  3 bats (D:1)
  2 endoplasms (D:1)
  4 giant cockroaches
  3 goblins
  3 hobgoblins
  3 jackals (D:1)
  A kobold (D:1)
  A quokka (D:1)
  2 ball pythons
  3 frilled lizards
  3 rats
30 creatures vanquished.

Vanquished Creatures (others)
  A plant (D:1)
1 creature vanquished.

Grand Total: 31 creatures vanquished

Notes
Turn   | Place    | Note
-------+----------+-------------------------------------------
     0 | D:1      | Eitelfritz the Minotaur Gladiator began the quest for the
                  | Orb.
     0 | D:1      | Reached XP level 1. HP: 18/18 MP: 0/0
   332 | D:1      | Reached XP level 2. HP: 25/25 MP: 1/1
   869 | D:1      | Reached skill level 4 in Long Blades
   950 | D:1      | Reached skill level 1 in Armour
  1197 | D:2      | Reached XP level 3. HP: 28/30 MP: 2/2
  1555 | D:1      | Splashed by a jelly's acid

Illustrated notes

Levels and vault maps discovered:
D:1:      eino_arrival_water_cross, layout_basic, chequers_big_river,
          minmay_vboxes
D:2:      layout_loops_ring, basic_altar, minmay_divided_ellipse

Skill      XL: |  1  2 |
---------------+-------+-----
Long Blades    | 4 |  4.2
Armour         | 1 |  1.3
Fighting       | |  2.8
Throwing       | |  2.2
Dodging        | |  3.8

Action                   || total
-------------------------++-------
Melee: Long sword        ||    65
       Headbutt          ||     9
       Punch             ||     1
 Stab: Sleeping          ||     1
Armor: Leather armour    ||    16
Dodge: Dodged            ||    48
